 Dungeon Crawl Stone Soup version 0.21.1-1-g345015f (webtiles) character file.

18234 twistedcrescendo the Fighter (level 12, -8/177 HPs)
             Began as a Minotaur Berserker on June 20, 2018.
             Was a High Priest of Trog.
             Mangled by an orc knight
             ... wielding a +0 great sword
              (24 damage)
             ... on level 11 of the Dungeon on June 21, 2018.
             The game lasted 01:29:54 (12928 turns).

twistedcrescendo the Fighter (Minotaur Berserker)  Turns: 12928, Time: 01:29:55

Health: -8/177     AC: 13    Str: 27    XL:     12   Next: 25%
Magic:  11/11      EV: 16    Int:  9    God:    Trog [*****.]
Gold:   583        SH:  0    Dex: 15    Spells: 11/11 levels left

rFire    . . .     SeeInvis .   v - +4 flail (crush)
rCold    . . .     Gourm    .   (no shield)
rNeg     . . .     Faith    .   T - +0 acid dragon scales
rPois    .         Spirit   .   (helmet restricted)
rElec    .         Reflect  .   R - +1 cloak
rCorr    +         Harm     +   s - +0 pair of gloves
MR       ++...                  t - +1 pair of boots
Stlth    ..........             a - amulet of harm
HPRegen  1.39/turn              n - ring of resist corrosion
MPRegen  0.12/turn              K - ring "Teruecir" {Int+5 Slay+3}

@: berserking, regenerating, very heavily drained, very quick
A: retaliatory headbutt, horns 2
a: Berserk, Trog's Hand, Brothers in Arms, Burn Spellbooks, Renounce Religion


You were on level 11 of the Dungeon.
You worshipped Trog.
Trog was extremely pleased with you.
You were very hungry.

You visited 3 branches of the dungeon, and saw 14 of its levels.

You collected 628 gold pieces.
You spent 45 gold pieces at shops.

Inventory:

Hand Weapons
 v - a +4 flail of crushing (weapon)
 x - a +0 whip of electrocution
 J - a +2 morningstar of freezing
 N - a +0 vampiric war axe
 V - a +2 dire flail of holy wrath
Missiles
 U - 4 tomahawks of returning (quivered)
Armour
 b - a +0 plate armour
 s - a +0 pair of gloves (worn)
 t - a +1 pair of boots (worn)
 F - the +2 leather armour "Wuenn" {rElec rC+ rCorr Dex-4}
   (You found it on level 10 of the Dungeon)

   It affects your dexterity (-4).
   It protects you from cold.
   It insulates you from electricity.
   It protects you from acid and corrosion.
 R - a +1 cloak (worn)
 T - +0 acid dragon scales (worn)
Jewellery
 a - an amulet of harm (around neck)
 g - an uncursed ring of stealth
 m - an uncursed ring of flight
 n - a ring of resist corrosion (left hand)
 K - the ring "Teruecir" (right hand) {Int+5 Slay+3}
   (You found it on level 1 of the Lair of Beasts)

   [ring of intelligence]

   It affects your intelligence (+5).
   It affects your accuracy and damage with ranged weapons and melee attacks
   (+3).
 M - a +3 ring of intelligence
Wands
 h - a wand of polymorph (17)
 i - a wand of random effects (57)
 o - a wand of flame (68)
 u - a wand of scattershot (9)
 y - a wand of clouds (4)
 E - a wand of iceblast (8)
 L - a wand of disintegration (13)
 P - a wand of acid (5)
Scrolls
 d - 2 scrolls of remove curse
 f - 4 scrolls of identify
 k - 2 scrolls of enchant armour
 l - 3 scrolls of fear
 r - 7 scrolls of teleportation
 C - a scroll of noise
 G - 2 scrolls of magic mapping
 O - a scroll of immolation
Potions
 j - 4 potions of might
 p - 2 potions of mutation
 q - 2 potions of berserk rage
 w - a potion of flight {unknown}
 z - a potion of resistance {unknown}
 A - 5 potions of curing
 B - a potion of invisibility {unknown}
 D - a potion of ambrosia {unknown}
 H - a potion of brilliance {unknown}
 Q - 2 potions of lignification {unknown}
Books
 I - a book of Changes

   Spells                             Type                      Level
   a - Beastly Appendage              Transmutation                1
   b - Sticks to Snakes               Transmutation                2
   c - Spider Form                    Transmutation/Poison         3
   d - Ice Form                       Ice/Transmutation            4
   e - Blade Hands                    Transmutation                5
   Trog disapproves of the use of such an item.
 S - a book of Enchantments

   Spells                             Type                      Level
   a - Cause Fear                     Hexes                        4
   b - Yara's Violent Unravelling     Hexes/Transmutation          5
   c - Silence                        Hexes/Air                    5
   d - Deflect Missiles               Charms/Air                   6
   e - Discord                        Hexes                        8
   Trog disapproves of the use of such an item.
Comestibles
 c - 27 rations


   Skills:
 + Level 14.7(10.5) Fighting
 - Level 12.5(8.5) Maces & Flails
 + Level 8.9(5.3) Armour
 * Level 11.2(7.3) Dodging


You had 11 spell levels left.
You didn't know any spells.

Dungeon Overview and Level Annotations

Branches:
Dungeon (11/15)            Temple (0/1) D:5            Lair (2/6) D:8
    Orc (1/2) D:11
  Swamp: Lair:2-4    Shoals: Lair:2-4     Snake: Lair:2-4    Spider: Lair:2-4

Altars:
Ashenzari
Cheibriados
Dithmenos
Fedhas
Hepliaklqana
Kikubaaqudgha
Makhleb
Nemelex Xobeh
Qazlal
Sif Muna
Trog
Vehumet
Zin
The Shining One

Shops:
D:6 %   D:7 ?:=}

Annotations:
D:10 exclusion: downstairs


Innate Abilities, Weirdness & Mutations

You reflexively headbutt those who attack you in melee.
You have a pair of horns on your head.


Message History

* * * LOW HITPOINT WARNING * * *
You barely miss the ogre.
The ogre is severely wounded.
The orc hits you but does no damage.
The orc knight hits you but does no damage.
You sock the ogre!
You kill the ogre!
Trog accepts your kill. The orc hits you with a mace.
* * * LOW HITPOINT WARNING * * *
The ogre misses you.
You bludgeon the ogre!!
You kill the ogre!
Trog accepts your kill. The orc closely misses you.
You sock the orc!
You kill the orc!
Trog accepts your kill.
The orc knight hits you with a great sword!!
You die...

######.#####.#######.#####.######
#.# #.# #.# #.# # #.# #.# #.# #.#
# #.# #.# #.# #.# # #.# #.# #.#
#.# # #.# #.# #.# #.# # #(#
#.#######.# #.# #
######.#####.##o†)##.#####.######
..............#o@)#..............
..............#.)[#.............#
..............##'##.............#
.............##8.8##............#
............####.#.##...........#
..(........###......##....<.....#
..........##.#.....####..........
.........##.#.......#.##..#####.#
........##..)..........##.# #.#


You could see an orc knight and an orc.

Vanquished Creatures
  A hydra (Lair:2)
  3 two-headed ogres
  The ghost of wilfster70 the Carver, a novice DsBe of Trog (D:9)
  Sonja (D:11)
  An unseen horror (D:11)
  A wolf spider zombie (D:10)
  An ugly thing (D:10)
  Maurice (D:11)
  The ghost of Ethylacetat the Slasher, a novice DsMo (D:3)
  A spiny frog (Lair:1)
  2 komodo dragons
  The ghost of ByGGy the Ruffian, an amateur TrMo of Wu Jian (D:4)
  A troll (D:10)
  A hornet (D:9)
  Grinder (D:3)
  Prince Ribbit (D:9)
  5 hippogriffs
  Sigmund (D:3)
  A wyvern (D:11)
  Eustachio (D:5)
  4 hogs (D:7)
  A human (D:7)
  4 yaks (D:11)
  A hungry ghost (D:11)
  3 wargs (D:8)
  A steam dragon (D:9)
  Edmund (D:4)
  The ghost of dscm the Digger, an amateur OpEE (D:5)
  5 water moccasins
  A soldier ant (D:11)
  5 porcupines
  An acid dragon (D:11)
  5 orc warriors
  A black bear (D:10)
  A phantom (D:5)
  2 sky beasts (D:6)
  9 ogres
  6 wolves (Lair:1)
  5 centaurs
  3 crocodiles
  10 bullfrogs
  3 gnoll sergeants
  8 wights
  2 howler monkeys (D:10)
  2 bullfrog zombies
  6 crimson imps
  A centaur zombie (D:10)
  3 quasits
  6 hounds
  4 jellies
  6 orc wizards
  A bullfrog skeleton (D:11)
  5 orc priests
  A centaur skeleton (D:11)
  An iron imp (D:5)
  Ijyb (D:3)
  5 iguanas
  Natasha (thrice) (D:3)
  Terence (D:2)
  13 worker ants
  14 gnolls
  A howler monkey skeleton (D:5)
  Robin (D:2)
  10 adders
  3 shadow imps
  An adder zombie (D:6)
  2 oozes
  2 adder skeletons
  6 worms
  2 dart slugs
  4 leopard geckos
  45 orcs
  11 giant cockroaches
  11 goblins
  9 hobgoblins
  12 jackals
  4 kobolds
  5 quokkas
  3 ball pythons
  16 bats
  6 frilled lizards
  A jackal skeleton (D:6)
  A quokka zombie (D:5)
  13 rats
352 creatures vanquished.

Notes
Turn   | Place    | Note
-------+----------+-------------------------------------------
     0 | D:1      | twistedcrescendo the Minotaur Berserker began the quest for the Orb.
     0 | D:1      | Reached XP level 1. HP: 19/19 MP: 0/0
   121 | D:1      | Found a shattered altar of Ashenzari.
   125 | D:1      | Reached skill level 4 in Fighting
   129 | D:1      | Reached XP level 2. HP: 16/27 MP: 1/1
   902 | D:2      | Reached XP level 3. HP: 26/34 MP: 2/2
   939 | D:2      | Reached ** piety under Trog
  1143 | D:2      | Noticed Robin
  1149 | D:2      | Killed Robin
  1154 | D:2      | Reached XP level 4. HP: 35/41 MP: 3/3
  1223 | D:2      | Reached skill level 5 in Fighting
  1223 | D:2      | Reached skill level 5 in Maces & Flails
  1515 | D:2      | Noticed Terence
  1521 | D:2      | Killed Terence
  1561 | D:3      | Noticed Grinder
  1581 | D:3      | Reached *** piety under Trog
  1603 | D:3      | Killed Grinder
  1603 | D:3      | Reached skill level 6 in Fighting
  1603 | D:3      | Reached XP level 5. HP: 14/51 MP: 4/4
  1603 | D:3      | Reached XP level 6. HP: 17/58 MP: 5/5
  1731 | D:3      | Noticed Ethylacetat's ghost (novice DsMo)
  1742 | D:3      | Killed Ethylacetat's ghost
  1742 | D:3      | Reached skill level 7 in Fighting
  1742 | D:3      | Reached XP level 7. HP: 47/66 MP: 6/6
  1811 | D:3      | Noticed Ijyb
  1823 | D:3      | Killed Ijyb
  1831 | D:3      | Noticed Natasha
  1840 | D:3      | Killed Natasha
  1882 | D:3      | Noticed Natasha
  1885 | D:3      | Killed Natasha
  1926 | D:3      | Noticed Natasha
  1935 | D:3      | Killed Natasha
  1948 | D:3      | Noticed Sigmund
  1956 | D:3      | Killed Sigmund
  1956 | D:3      | Reached skill level 8 in Fighting
  2211 | D:3      | Found a glowing silver altar of Zin.
  2242 | D:5      | Entered Level 5 of the Dungeon
  2361 | D:4      | Noticed ByGGy's ghost (amateur TrMo)
  2382 | D:4      | Killed ByGGy's ghost
  2382 | D:4      | Reached skill level 9 in Fighting
  2382 | D:4      | Reached XP level 8. HP: 24/78 MP: 7/7
  2666 | D:4      | Found a glowing golden altar of the Shining One.
  2779 | D:4      | Noticed Edmund
  2784 | D:4      | Killed Edmund
  2854 | D:4      | Found a burning altar of Makhleb.
  2855 | D:4      | Found a radiant altar of Vehumet.
  3118 | D:4      | Reached **** piety under Trog
  3125 | D:4      | Reached skill level 10 in Fighting
  3296 | D:5      | Reached skill level 10 in Maces & Flails
  3305 | D:5      | Found a sparkling altar of Nemelex Xobeh.
  3376 | D:5      | Found a staircase to the Ecumenical Temple.
  3482 | D:5      | Reached XP level 9. HP: 86/86 MP: 8/8
  3490 | D:5      | Noticed Eustachio
  3491 | D:5      | Found a blossoming altar of Fedhas.
  3491 | D:5      | Found a stormy altar of Qazlal.
  3499 | D:5      | Killed Eustachio
  3522 | D:5      | Found an ancient bone altar of Kikubaaqudgha.
  3632 | D:5      | Found a hazy altar of Hepliaklqana.
  3637 | D:5      | Found a shattered altar of Ashenzari.
  3675 | D:5      | Found a snail-covered altar of Cheibriados.
  3763 | D:5      | Received a gift from Trog
  3801 | D:5      | Noticed dscm's ghost (amateur OpEE)
  3813 | D:5      | Killed dscm's ghost
  3813 | D:5      | Reached skill level 11 in Fighting
  3961 | D:5      | Found a shadowy altar of Dithmenos.
  4176 | D:6      | Found a bloodstained altar of Trog.
  4227 | D:6      | Found Janauroj's Food Emporium.
  4580 | D:6      | Reached ***** piety under Trog
  4776 | D:7      | Reached skill level 12 in Fighting
  4918 | D:7      | Reached XP level 10. HP: 57/99 MP: 9/9
  5271 | D:7      | Found Xufid's Magic Scroll Shoppe.
  5279 | D:7      | Found Datwaph's Jewellery Shoppe.
  5281 | D:7      | Found Qiasik's Gadget Shoppe.
  5282 | D:7      | Found Heato's Book Shoppe.
  5289 | D:7      | Bought a scroll of fear for 45 gold pieces
  6298 | D:8      | Found a staircase to the Lair.
  6404 | D:8      | Found a blossoming altar of Fedhas.
  6783 | D:10     | Entered Level 10 of the Dungeon
  6830 | D:9      | Noticed wilfster70's ghost (novice DsBe)
  6842 | D:9      | Killed wilfster70's ghost
  6842 | D:9      | Reached skill level 13 in Fighting
  6842 | D:9      | Reached skill level 5 in Dodging
  7176 | D:9      | Noticed Prince Ribbit
  7195 | D:9      | Killed Prince Ribbit
  7225 | D:9      | Reached skill level 5 in Armour
  7319 | D:9      | Paralysed by a hornet for 3 turns
  7808 | D:10     | Received a gift from Trog
  7838 | D:10     | Got a pitted leather armour
  7869 | D:10     | Reached XP level 11. HP: 78/107 MP: 10/10
  7901 | D:10     | Noticed a two-headed ogre
  7910 | D:10     | Killed a two-headed ogre
  7922 | D:10     | Identified the +2 leather armour "Wuenn" {rElec rC+ rCorr Dex-4} (You found it on level 10 of the Dungeon)
  8263 | D:11     | Noticed Sonja
  8666 | Lair:1   | Entered Level 1 of the Lair of Beasts
  9829 | Lair:1   | Got a scorched amber ring
  9830 | Lair:1   | Identified the ring "Teruecir" {Int+5 Slay+3} (You found it on level 1 of the Lair of Beasts)
 10397 | Lair:2   | Noticed an eight-headed hydra
 10401 | Lair:2   | Killed an eight-headed hydra
 10401 | Lair:2   | Reached skill level 14 in Fighting
 11244 | D:11     | Noticed Maurice
 11244 | D:11     | Noticed a red ugly thing
 11244 | D:11     | Noticed a two-headed ogre
 11251 | D:10     | Killed a red ugly thing
 11317 | D:11     | Killed a two-headed ogre
 11317 | D:11     | Reached skill level 10 in Dodging
 11719 | D:11     | Killed Maurice
 11805 | D:11     | Killed Sonja
 11805 | D:11     | Reached XP level 12. HP: 52/118 MP: 11/11
 12269 | D:11     | Received a gift from Trog
 12287 | D:11     | Noticed a two-headed ogre
 12293 | D:11     | Killed a two-headed ogre
 12501 | D:11     | Found a staircase to the Orcish Mines.
 12794 | D:11     | Found a deep blue altar of Sif Muna.
 12864 | Orc:1    | Entered Level 1 of the Orcish Mines
 12867 | Orc:1    | Paralysed by an orc sorcerer for 4 turns
 12918 | Orc:1    | Noticed an ettin
 12928 | D:11     | Mangled by an orc knight

Skill      XL: |  1  2  3  4  5  6  7  8  9 10 11 12 |
---------------+-------------------------------------+-----
Fighting       | 4 6 7 9 10 12 13 14 | 14.7
Maces & Flails | 4 6 7 9 10 12 | 12.5
Dodging        | 7 10 11 | 11.2
Armour         | 5 8 |  8.9

Action                   |  1- 3 |  4- 6 |  7- 9 | 10-12 || total
-------------------------+-------+-------+-------+-------++-------
Melee: Mace              |    81 |    61 |   111 |       ||   253
       Headbutt          |    13 |    11 |    75 |   116 ||   215
       Whip              |       |       |   190 |   431 ||   621
       Flail             |       |       |    22 |    80 ||   102
       Morningstar       |       |       |       |    14 ||    14
Invok: Berserk           |       |     1 |     4 |    11 ||    16
       Trog's Hand       |       |     1 |     3 |     6 ||    10
 Abil: Stop Flying       |       |       |     1 |       ||     1
       Evoke Flight      |       |       |     1 |       ||     1
  Use: Scroll            |       |       |    13 |     7 ||    20
       Potion            |       |       |     1 |     2 ||     3
 Stab: Sleeping          |     1 |       |       |     1 ||     2
  Eat: Chunk             |     1 |     2 |    16 |    37 ||    56
       Ration            |       |       |       |     1 ||     1
Armor: Animal skin       |    16 |       |       |       ||    16
       Chain mail        |       |    32 |   131 |    53 ||   216
       Ring mail         |       |       |       |    21 ||    21
       Plate armour      |       |       |       |   119 ||   119
       Leather armour    |       |       |       |    24 ||    24
       Acid dragon scale |       |       |       |    39 ||    39
Dodge: Dodged            |    47 |    29 |    93 |   243 ||   412
